 Dungeon Crawl Stone Soup version 0.25-a0-731-g0472a16d6a (webtiles) character file.

Game seed: 14868488280070670852, levelgen mode: deterministic

245 Amnesiac the Thaumaturge (level 5, -6/28 HPs)
             Began as a Deep Elf Wizard on Apr 8, 2020.
             Was an Initiate of Vehumet.
             Killed from afar by Natasha (8 damage)
             ... with a magic dart
             ... on level 2 of the Dungeon.
             The game lasted 00:05:36 (3026 turns).

Amnesiac the Thaumaturge (Deep Elf Wizard)          Turns: 3026, Time: 00:05:37

Health: -6/28      AC:  2    Str:  4    XL:     5   Next: 83%
Magic:  2/18       EV: 13    Int: 24    God:    Vehumet [......]
Gold:   109        SH:  0    Dex: 17    Spells: 11/22 levels left

rFire    . . .     SeeInvis .   k - +0 halberd
rCold    . . .     Gourm    .   (shield currently unavailable)
rNeg     . . .     Faith    .   a - +0 robe
rPois    .         Spirit   .   (no helmet)
rElec    .         Reflect  .   (no cloak)
rCorr    .         Harm     .   (no gloves)
MR       .....                  (no boots)
Stlth    +++.......             (no amulet)
HPRegen  0.09/turn              g - +4 ring of dexterity
MPRegen  0.16/turn              b - ring of stealth

@: brilliant, stab, slowed, very slow
A: no striking features
a: Renounce Religion


You were on level 2 of the Dungeon.
You worshipped Vehumet.
Vehumet was noncommittal.
You were not hungry.

You visited 2 branches of the dungeon, and saw 5 of its levels.

You collected 109 gold pieces.

Inventory:

Hand Weapons
 k - a +0 halberd (weapon)
Armour
 a - a +0 robe (worn)
Jewellery
 b - a ring of stealth (right hand)
 g - a +4 ring of dexterity (left hand)
Scrolls
 c - a scroll of enchant weapon {!r, unknown}
 e - a scroll of amnesia {!r, unknown}
 f - a scroll of fear {!r, unknown}
 h - 2 scrolls of remove curse {!r, unknown}
 m - 2 scrolls of identify {!r, unknown}
 n - a scroll of blinking {!r, unknown}
 q - 2 scrolls of fog {!r, unknown}
 s - a scroll of teleportation {!r, unknown}
Potions
 l - a potion of flight {!q, unknown}
 o - a potion of resistance {!q, unknown}
 p - a potion of cancellation {!q}
Comestibles
 d - 5 rations
 r - 8 chunks of flesh


   Skills:
 - Level 2.4 Dodging
 - Level 2.4 Stealth
 + Level 9.0 Spellcasting
 - Level 1.1 Conjurations
 - Level 1.1 Summonings
 - Level 1.1 Translocations


You had 11 spell levels left.
You knew the following spells:

 Your Spells              Type           Power        Failure   Level  Hunger
a - Magic Dart            Conj           ###.         3%          1    None
b - Call Imp              Summ           ###.....     5%          2    None
e - Mephitic Cloud        Conj/Pois/Air  ###.....     16%         3    None
s - Conjure Flame         Conj/Fire      ###.....     14%         3    None
v - Blink                 Tloc           N/A          5%          2    None

Your spell library contained the following spells:

 Spells                   Type           Power        Failure   Level  Hunger
 Slow                     Hex            ###.....     9%          2    None


Dungeon Overview and Level Annotations

Branches:
Dungeon (4/15)             Temple (1/1) D:4

Altars:
Ashenzari
Dithmenos
Gozag
Hepliaklqana
Kikubaaqudgha
Nemelex Xobeh
Okawaru
Ru
Trog
Vehumet
Wu Jian
Xom
The Shining One

Annotations:
D:2 Jessica, Natasha


Message History

You don't have enough magic to cast that spell.
You slash Natasha!
Natasha is severely wounded.
Natasha claws you. Natasha casts a spell at you. You resist with some effort.
You see here a stone.
Casting: Magic Dart (safe; 3% risk of failure)
Confirm with . or Enter, or press ? or * to list all spells.
You can't see any susceptible monsters within range! (Use Z to cast anyway.)
Casting: Magic Dart (safe; 3% risk of failure)
Confirm with . or Enter, or press ? or * to list all spells.
You can't see any susceptible monsters within range! (Use Z to cast anyway.)
Casting: Magic Dart (safe; 3% risk of failure)
Confirm with . or Enter, or press ? or * to list all spells.
Aiming: Magic Dart (safe; 3% risk of failure)
Press: ? - help, Shift-Dir - straight line, f/p - Natasha
Aim: Natasha (heavily wounded)
The magic dart hits Natasha.
Natasha is severely wounded.
Natasha casts a spell at you. The magic dart hits you!
* * * LOW HITPOINT WARNING * * *
Press: ? - help, v - describe, . - travel
Here: Natasha (severely wounded)
The floor.
Unknown command.
Unknown command.
Press: ? - help, v - describe, . - travel
Here: Natasha (severely wounded)
The floor.
Casting: Magic Dart (safe; 3% risk of failure)
Confirm with . or Enter, or press ? or * to list all spells.
Aiming: Magic Dart (safe; 3% risk of failure)
Press: ? - help, Shift-Dir - straight line, f/p - Natasha
Aim: Natasha (severely wounded)
The magic dart hits Natasha but does no damage.
Natasha is severely wounded.
Natasha claws you!
* * * LOW HITPOINT WARNING * * *
Unknown command.
Natasha stares at you and mumbles some strange words.
You feel yourself slow down.
Really quaff
p - 2 fizzy golden potions {!q}?
It was a potion of cancellation {!q}.
Your magical effects are unravelling.
You feel magically purged.
You feel yourself speed up. Natasha casts a spell at you.
You resist with some effort.
Really quaff
i - a dark potion {!q}?
It was a potion of stabbing {!q}.
You feel ready to backstab. Natasha misses you.
Really quaff
j - a fuming red potion {!q}?
It was a potion of brilliance {!q}.
You feel clever all of a sudden.
Natasha howls an incantation.
Natasha's front paws start to glow.
Natasha stares at you and mumbles some strange words.
You feel yourself slow down.
Natasha stares at you and mumbles some strange words.
The magic dart hits you!
You die...

............#..........
............#.#####....
............#.#<..#....
..###.......#.###.#.... ####
#.......#...#.#....
#...###.......###.#.#....
..................#......
..............[...#.#.#.# #
..?.....@.........###.#.# #
..........###.......#.รท....
#####
........h#............#...
....#
..[.....#................
....#
........#.h..............
....#
........#....#...........
....#
..#.....(....#....##....#
....# .
#..#.......#....#######
....#
#..+............#......


You could see Natasha.

Vanquished Creatures
  A hound (D:2)
  3 gnolls
  2 adders (D:2)
  A worm (D:3)
  4 dart slugs (D:1)
  2 leopard geckos
  2 giant cockroaches (D:3)
  4 goblins
  4 hobgoblins
  4 jackals (D:2)
  2 quokkas
  2 ball pythons (D:3)
  3 bats
  A frilled lizard (D:1)
  A jackal skeleton (D:4)
  4 kobolds
  5 rats
45 creatures vanquished.

Vanquished Creatures (collateral kills)
  A bullfrog (D:3)
  2 hounds (D:4)
  A gnoll (D:4)
  An adder (D:2)
  A worm (D:2)
  A leopard gecko (D:4)
  A giant cockroach (D:4)
  A goblin (D:2)
  A hobgoblin (D:3)
  A bat (D:2)
  A frilled lizard (D:4)
  A jackal skeleton (D:4)
13 creatures vanquished.

Grand Total: 58 creatures vanquished

Notes
Turn   | Place    | Note
-------+----------+-------------------------------------------
     0 | D:1      | Amnesiac the Deep Elf Wizard began the quest for the Orb.
     0 | D:1      | Reached XP level 1. HP: 10/10 MP: 7/7
   134 | D:1      | Reached skill level 5 in Spellcasting
   149 | D:1      | Reached XP level 2. HP: 6/15 MP: 0/10
   153 | D:1      | Learned a level 2 spell: Blink
   156 | D:1      | Learned a level 2 spell: Call Imp
   283 | D:2      | Noticed Jessica
   428 | D:2      | Reached XP level 3. HP: 16/19 MP: 3/12
   435 | D:2      | Learned a level 3 spell: Conjure Flame
   439 | D:2      | Learned a level 3 spell: Mephitic Cloud
   461 | D:2      | Reached skill level 6 in Spellcasting
   804 | D:3      | Found a faded altar of an unknown god.
   834 | D:3      | Found an ancient bone altar of Kikubaaqudgha.
   882 | D:3      | Found a shattered altar of Ashenzari.
   882 | D:3      | Found a hazy altar of Hepliaklqana.
   882 | D:3      | Found a sacrificial altar of Ru.
   885 | D:3      | Found a sparkling altar of Nemelex Xobeh.
   886 | D:3      | Found a shimmering altar of Xom.
   908 | D:3      | Noticed a bullfrog
   916 | D:3      | Killed a bullfrog
   916 | D:3      | Reached skill level 7 in Spellcasting
   916 | D:3      | Reached XP level 4. HP: 24/24 MP: 4/15
   982 | D:3      | Found an opulent altar of Gozag.
  1136 | D:3      | Found a shadowy altar of Dithmenos.
  1149 | D:3      | Found an ornate altar of the Wu Jian Council.
  1233 | D:3      | Found an iron altar of Okawaru.
  1242 | D:3      | Found a glowing golden altar of the Shining One.
  1292 | D:4      | Noticed an ogre
  1553 | D:4      | Reached XP level 5. HP: 3/28 MP: 9/17
  1739 | D:4      | Reached skill level 8 in Spellcasting
  1972 | D:4      | Found a staircase to the Ecumenical Temple.
  1992 | IceCv    | Identified a paperback manual
  1992 | Temple   | Entered the Ecumenical Temple
  2003 | Temple   | Became a worshipper of Vehumet
  2978 | D:2      | Reached skill level 9 in Spellcasting
  2999 | D:2      | Noticed Natasha
  3026 | D:2      | Killed from afar by Natasha

Levels and vault maps discovered:
D:1:      sevenhm_arrival_forest_fort_small_6, layout_loops_ring
D:2:      layout_basic, makhleb_heckhound_becter, uniq_natasha, uniq_jessica
D:3:      layout_loops_ring, nicolae_overflow_quartered_altars, minitemple,
          kiku_gazebo_pond_becter, elyvilon_altar_3,
          chequers_ecumenical_altar_simple, first_ration, grunt_gozag_statues
D:4:      layout_cave_pools, minmay_temple_entry_mini_moons,
          minmay_pentomino_pile
Temple:   jpeg_temple_clearing

Skill      XL: |  1  2  3  4  5 |
---------------+----------------+-----
Spellcasting   | 5 7 9 |  9.0
Dodging        | |  2.4
Stealth        | |  2.4
Conjurations   | |  1.1
Summonings     | |  1.1
Translocations | |  1.1

Action                   |  1- 3 |  4- 6 || total
-------------------------+-------+-------++-------
Melee: Unarmed           |     4 |       ||     4
       Halberd           |       |    13 ||    13
 Cast: Magic Dart        |    54 |   110 ||   164
       Call Imp          |     7 |    11 ||    18
       Blink             |       |     3 ||     3
  Use: Potion            |       |     3 ||     3
  Eat: Chunk             |       |     6 ||     6
Armor: Robe              |     8 |    19 ||    27
Dodge: Dodged            |    34 |    67 ||   101

Table legend:
 A = Non-vault XP
 B = Vault XP
 C = Vault XP percentage of total XP
 D = Non-vault monster count
 E = Vault monster count
 F = Vault count percentage of total count
                 A         B        C        D         E       F
            +---------+---------+-------+---------+---------+-------
      Total |     275 |      75 |  21.4 |      56 |       2 |   3.4
            +---------+---------+-------+---------+---------+-------
        D:1 |      29 |       0 |   0.0 |      13 |       0 |   0.0
        D:2 |      81 |      42 |  34.1 |      21 |       1 |   4.5
        D:3 |     110 |       0 |   0.0 |      14 |       0 |   0.0
        D:4 |      55 |      33 |  37.5 |       8 |       1 |  11.1
            +---------+---------+-------+---------+---------+-------
